 Dungeon Crawl Stone Soup version 0.28-a0-1594-ga885d4b3d6 (webtiles) character file.

Game seed: 2344961041215920440

569 lunkers the Digger (level 7, -6/41 HPs)
             Began as an Octopode Earth Elementalist on Jan 20, 2022.
             Was an Initiate of Gozag.
             Mangled by a killer bee (9 damage)
             ... on level 4 of the Dungeon.
             The game lasted 00:08:40 (4811 turns).

lunkers the Digger (Octopode Earth Elementalist)    Turns: 4811, Time: 00:08:41

Health: -6/41      AC:  1    Str:  7    XL:     7   Next: 33%
Magic:  10/13      EV: 13    Int: 20    God:    Gozag
Gold:   213        SH:  0    Dex: 12    Spells: 8/14 levels left

rFire   . . .      SeeInvis .   (no weapon)
rCold   . . .      Faith    .   (no shield)
rNeg    . . .      Spirit   .   (helmet restricted)
rPois   .          Reflect  .   (no amulet)
rElec   .          Harm     .   j - ring of willpower
rCorr   .          Rampage  .   (no ring)
Will    +....                   (no ring)
Stlth   ++........              (no ring)
HPRegen 0.13/turn               (no ring)
MPRegen 0.13/turn               (no ring)
                                (no ring)
                                (no ring)

@: silenced
A: almost no armour, amphibious, 8 rings, camouflage 1, gelatinous body 1,
(nimble swimmer 1), tentacles
a: Renounce Religion


You were on level 4 of the Dungeon.
You worshipped Gozag.
Gozag was aware of your devotion.
You visited 2 branches of the dungeon, and saw 5 of its levels.

You collected 283 gold pieces.
You paid 70 gold pieces to Gozag.

Inventory:

Missiles
 b - 71 stones
Jewellery
 j - a ring of willpower (left tentacle)
Wands
 l - a wand of digging (1)
Scrolls
 c - 2 scrolls of identify
 e - a scroll of noise {unknown}
 h - a scroll of immolation {unknown}
 m - a scroll of magic mapping {unknown}
Potions
 d - a potion of attraction
 f - a potion of might {unknown}
 g - a potion of mutation {unknown}
 i - a potion of cancellation {unknown}
 k - a potion of degeneration {unknown}


   Skills:
 - Level 2.0 Dodging
 - Level 2.6 Stealth
 + Level 4.4 Spellcasting
 - Level 1.0 Transmutations
 * Level 6.9 Earth Magic


You had 8 spell levels left.
You knew the following spells:

 Your Spells              Type           Power      Damage    Failure   Level
a - Sandblast             Erth           64%        2d14      1%          1
b - Passwall              Tmut/Erth      16%        N/A       3%          2
c - Stone Arrow           Conj/Erth      36%        3d9       9%          3

Your spell library contained the following spells:

 Spells                   Type           Power      Damage    Failure   Level
 Corpse Rot               Necr/Air       8%         N/A       19%         2
 Poisonous Vapours        Pois/Air       8%         N/A       19%         2
 Petrify                  Tmut/Erth      20%        N/A       24%         4


Dungeon Overview and Level Annotations

Branches:
Dungeon (4/15)             Temple (1/1) D:4

Altars:
Cheibriados
Dithmenos
Gozag
Hepliaklqana
Kikubaaqudgha
Nemelex Xobeh
Okawaru
Ru
Trog
Uskayaw
Xom
Yredelemnul
Zin
The Shining One

Annotations:
D:4 Edmund


Innate Abilities, Weirdness & Mutations

You cannot wear most types of armour.
You are amphibious.
You can wear up to eight rings at the same time.
Your skin changes colour to match your surroundings (Stealth+).
Your rubbery body absorbs attacks. (AC +1, EV +1)
((You are camouflaged when in or above water. (Stealth+)))
You have tentacles for arms and can constrict up to eight enemies at once.


Message History

Confirm with . or Enter, or press ? or * to list all spells.
The blast of sand hits the killer bee.
The killer bee is moderately wounded.
The killer bee buzzes angrily. x2
You feel sick. The killer bee barely misses you.
The killer bee completely misses you.
Unknown command.
Unknown command.
As you read the scroll labelled TEIFFUXESO, it crumbles to dust.
It is a scroll of identify.
d - a potion of attraction You feel sick.
The killer bee stings you!
* * * LOW HITPOINT WARNING * * *
The killer bee stings you!
* * * LOW HITPOINT WARNING * * *
As you read the scroll labelled FAREFEOPS, it crumbles to dust.
A profound silence engulfs you.
It was a scroll of silence.
You feel sick. The killer bee barely misses you.
The killer bee completely misses you.
Magic scrolls do not work when you're silenced!
You feel sick. The killer bee stings you.
* * * LOW HITPOINT WARNING * * *
You feel sick.
You are no longer poisoned.
The killer bee barely misses you.
Unknown command.
The killer bee barely misses you. The killer bee closely misses you.
Okay, then.
The killer bee barely misses you.
You open the door. The killer bee barely misses you.
The killer bee stings you but does no damage.
The killer bee barely misses you.
There is an open door here.
The killer bee barely misses you. The killer bee stings you.
* * * LOW HITPOINT WARNING * * *
A howler monkey comes into view.
The killer bee barely misses you. The killer bee stings you!
You die...
Your body crumbles into a pile of gold.

#...#.# #y#.#..
#.#.#.#####.
#.#y#....... ######
#####.#S#....... .....#
#....y.y........
.....####......yy.......
.....#.........y......h.
.....#..........@####...
.....#.....###......# .
.....#.....# #..........
.....#.....# #..........
$ .....#.....#
#.......... ######.....#
#.......... #.....#
#..........
#...).###.#######.. .
#.......#.# ...


You could see a howler monkey (wandering), 6 killer bees and an adder.

Vanquished Creatures
  Grinder (D:4)
  A black bear (D:4)
  A bullfrog (D:4)
  A scorpion (D:4)
  A bullfrog skeleton (D:4)
  Robin (D:2)
  3 adders
  4 worms
  An adder skeleton (D:4)
  2 dart slugs (D:4)
  4 orcs (D:4)
  7 endoplasms
  14 goblins
  8 hobgoblins
  2 quokkas
  9 ball pythons
  8 bats
  7 frilled lizards
  10 kobolds
  4 rats
89 creatures vanquished.

Notes
Turn   | Place    | Note
-------+----------+-------------------------------------------
     0 | D:1      | lunkers the Octopode Earth Elementalist began the quest for
                  | the Orb.
     0 | D:1      | Reached XP level 1. HP: 11/11 MP: 3/3
   128 | D:1      | Reached XP level 2. HP: 13/17 MP: 0/5
   859 | D:1      | Found a faded altar of an unknown god.
   956 | D:1      | Reached XP level 3. HP: 21/21 MP: 4/6
  1172 | D:2      | Noticed Robin
  1204 | D:2      | Killed Robin
  1205 | D:2      | Reached skill level 4 in Earth Magic
  1348 | D:2      | Learned a level 2 spell: Passwall
  1352 | D:2      | Learned a level 3 spell: Stone Arrow
  1568 | D:2      | Reached XP level 4. HP: 26/27 MP: 8/8
  3288 | D:4      | Found a glowing golden altar of the Shining One.
  3348 | D:4      | Noticed a bullfrog
  3352 | D:4      | Killed a bullfrog
  3353 | D:4      | Reached skill level 5 in Earth Magic
  3353 | D:4      | Reached XP level 5. HP: 31/31 MP: 3/9
  3605 | D:4      | Found a staircase to the Ecumenical Temple.
  3629 | Temple   | Entered the Ecumenical Temple
  3753 | Temple   | Became a worshipper of Gozag Ym Sagoz the Greedy
  3811 | D:4      | Reached XP level 6. HP: 28/36 MP: 7/11
  3948 | D:4      | Noticed Grinder
  4015 | D:4      | Paralysed by Grinder for 7 turns
  4023 | D:4      | Killed Grinder
  4024 | D:4      | Reached skill level 6 in Earth Magic
  4024 | D:4      | Reached XP level 7. HP: 30/41 MP: 6/13
  4132 | D:4      | Found a sacrificial altar of Ru.
  4411 | D:4      | Noticed Edmund
  4811 | D:4      | Mangled by a killer bee

Illustrated notes

Levels and vault maps discovered:
D:1:      lordsloth_arrival_two_stooges, layout_basic,
          shapermc_ecumenical_altar_hornbeckon
D:2:      layout_loops_ring, uniq_robin
D:3:      layout_loops_cross
D:4:      layout_basic, mainiacjoe_overflow_brackets,
          mainiacjoe_overflow_six_doors_small,
          minmay_temple_entry_drinking_statues, uniq_grinder, uniq_edmund
Temple:   hc_temple_tempest_star

Skill      XL: |  1  2  3  4  5  6 |
---------------+-------------------+-----
Earth Magic    | 4 5 6 |  6.9
Spellcasting   | 3 4 |  4.4
Dodging        | |  2.0
Stealth        | |  2.6
Transmutations | |  1.0

Action                   |  1- 3 |  4- 6 |  7- 9 || total
-------------------------+-------+-------+-------++-------
Melee: Unarmed           |    16 |    51 |       ||    67
       Tentacles         |     7 |    14 |       ||    21
       Constrict         |     4 |    14 |       ||    18
       Punch             |       |     1 |       ||     1
 Cast: Sandblast         |    40 |    48 |    16 ||   104
       Passwall          |       |       |     1 ||     1
  Use: Scroll            |       |       |     2 ||     2
 Stab: Sleeping          |     1 |     8 |       ||     9
Armor: Skin              |     4 |     5 |     1 ||    10
Dodge: Dodged            |    13 |    32 |    21 ||    66

Table legend: (Time is in decaauts)
 A = Elapsed time spent in this place.
 B = Non-inter-level travel time spent in this place.
 C = Inter-level travel time spent in this place.
 D = Time resting spent in this place.
 E = Time spent auto-exploring this place.
 F = Levels seen in this place.
 G = Mean time per level.
                   A        B        C        D        E       F      G
               +--------+--------+--------+--------+--------+-----+--------+
         Total |   4809 |   4623 |    186 |      8 |   3843 |   5 |  961.8 |
       Dungeon |   4676 |   4518 |    158 |      8 |   3749 |   4 | 1169.0 |
        Temple |    133 |    105 |     28 |      0 |     94 |   1 |  133.0 |
               +--------+--------+--------+--------+--------+-----+--------+

Top non-repeatable levels by time:
     D:4: 1440 daAuts
     D:1: 1105 daAuts
     D:3: 1077 daAuts
     D:2: 1053 daAuts
  Temple: 133 daAuts
